 Dungeon Crawl Stone Soup version 0.31.0 (webtiles) character file.

Game seed: 40426161524361165

218 qw the Shooter (level 5, -1/33 HPs)
             Began as a Gargoyle Hunter on Jan 19, 2024.
             Slain by a goblin
             ... wielding a +0 dagger
             ... led by Robin
              (4 damage)
             ... on level 3 of the Dungeon.
             The game lasted 00:00:07 (1567 turns).

qw the Shooter (Gargoyle Hunter)                    Turns: 1567, Time: 00:00:07

Health: -1/33      AC: 10    Str: 15    XL:     5   Next: 95%
Magic:  5/5        EV: 11    Int:  9    God:
Gold:   100        SH:  0    Dex: 15    Spells: 4/4 levels left

rFire   . . .        a - +1 shortbow
rCold   . . .        (shield currently unavailable)
rNeg    + . .        i - +0 ring mail
rPois   inf          (no helmet)
rElec   +            (no cloak)
rCorr   .            (no gloves)
SInv    .            d - +0 pair of boots
Will    .....        (no amulet)
Stlth   +            (no ring)
HPRegen 0.25/turn    (no ring)
MPRegen 0.09/turn

%: no passive effects
@: no status effects
A: sickness immunity, AC +4, negative energy resistance 1, electricity
resistance, torment resistance 1, petrification resistance
a: no special abilities


You were on level 3 of the Dungeon.
You visited 1 branch of the dungeon, and saw 3 of its levels.

You collected 100 gold pieces.


Innate Abilities, Weirdness & Mutations

You are immune to sickness and miasma.
Your stone body is resilient. (AC +4)
You are immune to poison.
You resist negative energy. (rN+)
You are resistant to electric shocks. (rElec)
You are resistant to unholy torment.
You are immune to petrification.


   Skills:
 + Level 3.7 Fighting
 - Level 6.2 Ranged Weapons
 - Level 1.0 Armour
 - Level 1.5 Dodging
 - Level 1.1 Stealth


You had 4 spell levels left.
You didn't know any spells.
Your spell library was empty.

Inventory:

Hand Weapons
 a - a +1 shortbow (weapon)
Armour
 d - a +0 pair of boots (worn)
 i - a +0 ring mail (worn)
Potions
 b - a potion of haste
 c - a potion of brilliance {unknown}
 k - a potion of might {unknown}
 l - a potion of degeneration {unknown}
 n - a potion of curing {unknown}

Dungeon Overview and Level Annotations

Branches:
Dungeon (3/15)

Altars:


Message History

You shoot an arrow. The arrow barely misses Robin.
Robin throws the goblin at you!
The goblin hits you but does no damage. x3
The hobgoblin hits you.
You shoot an arrow. The arrow barely misses Robin.
The goblin no longer looks unusually strong.
The goblin hits you but does no damage.
Robin roars a battlecry!
The goblin goes into a battle-frenzy!
The hobgoblin misses you. The goblin barely misses you.
The goblin hits you but does no damage. x2
The goblin hits you with a +0 dagger. The goblin hits you but does no damage.
Robin closely misses you. The hobgoblin closely misses you.
You shoot an arrow. The arrow hits Robin.
Robin is lightly wounded.
The goblin no longer looks unusually strong.
The goblin hits you but does no damage.
Robin roars a battlecry!
The goblin goes into a battle-frenzy!
The goblin barely misses you. The hobgoblin closely misses you.
The goblin barely misses you.
You shoot an arrow. The arrow hits Robin!
Robin is heavily wounded.
Robin closely misses you. The goblin barely misses you.
The goblin closely misses you. The hobgoblin misses you. The goblin misses you.
You shoot an arrow. The arrow barely misses Robin.
The hobgoblin no longer looks unusually strong.
Robin roars a battlecry!
The hobgoblin goes into a battle-frenzy!
The goblin hits you but does no damage. The goblin hits you with a +0 dagger.
The goblin hits you but does no damage.
The hobgoblin hits you but does no damage.
You shoot an arrow. The arrow barely misses Robin.
The goblin closely misses you. Robin hits you but does no damage.
The hobgoblin hits you but does no damage.
The goblin hits you but does no damage. x2
You shoot an arrow. The arrow hits Robin!
You kill Robin!
The goblin hits you but does no damage. The hobgoblin hits you.
The goblin hits you but does no damage. The goblin hits you with a +0 dagger.
You die...

...$.. ..$...
......############
#................
#.......<<.......
####..............)
...................
##..g.g..........
###..)@g.........#
.......)g....##.###
...))........# ...
%)...........# ##
....#.######.#
#####. .# #. # #.


You could see a hobgoblin (strong) and 3 goblins.

Vanquished Creatures
  A black bear (D:2)
  A bombardier beetle (D:3)
  Robin (D:3)
  3 adders (D:2)
  A dart slug (D:1)
  4 endoplasms (D:1)
  3 giant cockroaches
  9 goblins
  8 hobgoblins
  4 jackals (D:2)
  3 kobolds
  5 quokkas
  3 ball pythons (D:2)
  4 bats
  3 frilled lizards (D:1)
  10 rats
63 creatures vanquished.

Notes
Turn   | Place    | Note
-------+----------+-------------------------------------------
     0 | D:1      | qw the Gargoyle Hunter began the quest for the Orb.
     0 | D:1      | Reached XP level 1. HP: 12/12 MP: 1/1
     0 | D:1      | 0 ||| qw: Version: 0.3-a-132-g3d54051
     0 | D:1      | 0 ||| qw: Game counter: 306
     0 | D:1      | 0 ||| qw: Melee chars always use a shield: true
     0 | D:1      | 0 ||| qw: God list: Okawaru
     0 | D:1      | 0 ||| qw: Allow faded altars: false
     0 | D:1      | 0 ||| qw: Do Orc after clearing Dungeon:15 true
     0 | D:1      | 0 ||| qw: Do second Lair branch before Depths: true
     0 | D:1      | 0 ||| qw: Lair rune preference: random
     0 | D:1      | 0 ||| qw: Goals: Normal
     0 | D:1      | 0 ||| PLANNING D:1-11
   100 | D:1      | Reached XP level 2. HP: 17/17 MP: 2/2
   247 | D:1      | Reached XP level 3. HP: 19/21 MP: 3/3
   253 | D:1      | Reached skill level 5 in Ranged Weapons
   474 | D:1      | 474 ||| UPGRADING to +0 ring mail.
   484 | D:1      | 484 ||| DROPPING +0 leather armour.
   485 | D:1      | 485 ||| READING scroll labelled XIOXEO JOL XIL.
   486 | D:1      | 486 ||| READING 2 scrolls labelled ATUENGEBBO.
   490 | D:1      | 490 ||| READING scroll labelled ZUJOAF RUITE.
   490 | D:1      | 490 ||| ENCHANTING +0 shortbow.
   491 | D:1      | 491 ||| READING scroll labelled EGRAAQ ZAVIES.
   491 | D:1      | 491 ||| ENCHANTING +0 shortbow.
   492 | D:1      | 492 ||| READING scroll labelled GAC LIRASOMMAE.
   509 | D:1      | 509 ||| READING scroll labelled ZESHRAOTISA.
   509 | D:1      | 509 ||| IDENTIFYING bubbling dark potion
   510 | D:1      | 510 ||| DROPPING scroll of butterflies.
   511 | D:1      | 511 ||| DROPPING potion of ambrosia.
   529 | D:2      | Reached skill level 1 in Armour
  1000 | D:2      | Reached XP level 4. HP: 26/27 MP: 4/4
  1004 | D:2      | Reached skill level 3 in Fighting
  1241 | D:2      | 1241 ||| FLEEEEING.
  1311 | D:2      | 1311 ||| UPGRADING to +0 pair of boots.
  1316 | D:2      | 1316 ||| READING scroll of identify.
  1316 | D:2      | 1316 ||| IDENTIFYING orange potion
  1331 | D:3      | Noticed a black bear
  1332 | D:3      | 1332 ||| STAIRDANCE
  1340 | D:3      | 1340 ||| STAIRDANCE
  1354 | D:2      | HP: 4/28 [black bear (4)]
  1355 | D:2      | 1355 ||| READING scroll of teleportation.
  1356 | D:2      | Killed a black bear
  1357 | D:2      | Reached skill level 6 in Ranged Weapons
  1357 | D:2      | Reached XP level 5. HP: 5/32 MP: 5/5
  1358 | D:2      | 1358 ||| FLEEEEING.
  1547 | D:3      | Noticed Robin
  1562 | D:3      | HP: 7/33 [goblin/+0 dagger[Robin] (5)]
  1567 | D:3      | Killed Robin
  1567 | D:3      | HP: 3/33 [hobgoblin[Robin] (2)]
  1567 | D:3      | Slain by a goblin

Levels and vault maps discovered:
D:1:      minmay_arrival_jagged, layout_basic
D:2:      minmay_angry_zag, layout_basic
D:3:      layout_basic, uniq_robin

Skill      XL: |  1  2  3  4 |
---------------+-------------+-----
Ranged Weapons | 5 6 |  6.2
Armour         | 1 |  1.0
Fighting       | 3 |  3.7
Dodging        | |  1.5
Stealth        | |  1.1

Action                     |  1- 3 |  4- 6 || total
---------------------------+-------+-------++-------
   Fire: Shortbow          |    93 |    92 ||   185
    Use: Scroll            |     6 |     2 ||     8
 Armour: Leather armour    |    16 |       ||    16
         Ring mail         |     5 |   114 ||   119
  Dodge: Dodged            |    27 |    80 ||   107

Table legend:
 A = Non-vault XP
 B = Vault XP
 C = Vault XP percentage of total XP
 D = Non-vault monster count
 E = Vault monster count
 F = Vault count percentage of total count
                 A         B        C        D         E       F
            +---------+---------+-------+---------+---------+-------
      Total |     276 |      52 |  15.9 |      47 |      16 |  25.4
            +---------+---------+-------+---------+---------+-------
        D:1 |      46 |       0 |   0.0 |      27 |       0 |   0.0
        D:2 |     180 |      24 |  11.8 |      18 |       8 |  30.8
        D:3 |      50 |      28 |  35.9 |       2 |       8 |  80.0
            +---------+---------+-------+---------+---------+-------
